 Dungeon Crawl Stone Soup version 0.29-a0-323-g050149af67 (webtiles) character file.

Game seed: 3188192596548899814

52 spaghetti the Vandal (level 3, -1/45 HPs)
             Began as a Demigod Hunter on Apr 10, 2022.
             Frozen to death by an endoplasm (5 damage)
             ... on level 2 of the Dungeon.
             The game lasted 00:04:33 (1510 turns).

spaghetti the Vandal (Demigod Hunter)               Turns: 1510, Time: 00:04:33

Health: -1/45      AC: 21    Str: 12    XL:     3   Next: 39%
Magic:  5/5        EV: -1    Int: 11    God:
Gold:   10         SH:  0    Dex: 21    Spells: 2/2 levels left

rFire   . . .      SeeInvis .   b - +0 falchion {long}
rCold   . . .      Faith    .   (no shield)
rNeg    . . .      Spirit   .   (body armour currently unavailable)
rPois   +          Reflect  .   (helmet currently unavailable)
rElec   .          Harm     .   (cloak currently unavailable)
rCorr   .          Rampage  .   (gloves currently unavailable)
Will    .....      NoTele   +   (boots currently unavailable)
Stlth   ++........              (no amulet)
HPRegen 0.15/turn               (no ring)
MPRegen 0.09/turn               (no ring)

@: tree-form, constricted
A: stationary, stasis, torment immunity, boosted hp, high MP 1, forlorn, divine
attributes
a: no special abilities


You were on level 2 of the Dungeon.
You were a tree.
You visited 1 branch of the dungeon, and saw 3 of its levels.

You collected 10 gold pieces.


Innate Abilities, Weirdness & Mutations

You are a tree.
Your roots penetrate the ground, keeping you stationary.
You cannot be teleported.
You are immune to unholy pain and torment.
Your maximum health is greatly increased.
Your equipment is partially melded.
You have an increased reservoir of magic. (+10% MP)
You shall have no god before yourself.
Your divine heritage dramatically boosts your attributes as you level up.


   Skills:
 + Level 2.5 Fighting
 + Level 4.0 Slings
 + Level 2.4 Dodging
 - Level 1.1 Stealth


You had 2 spell levels left.
You didn't know any spells.
Your spell library was empty.

Inventory:

Hand Weapons
 a - a +1 hunting sling {sling}
 b - a +0 falchion (weapon) {long}
   (You found it on level 1 of the Dungeon)
 h - a +2 vampiric dagger {short}
   (You found it on level 1 of the Dungeon)
Missiles
 f - 101 stones {throwing}
 j - 2 boomerangs {throwing}
Armour
 e - a +0 leather armour (melded)
 k - a +0 kite shield
   (You found it on level 1 of the Dungeon)
 n - a +0 cloak (melded)
   (You found it on level 3 of the Dungeon)
Scrolls
 c - a scroll of immolation {!r!r}
 d - 3 scrolls of identify {@r1}
 g - a scroll of torment {unknown}
 i - 2 scrolls of silence {!r}
 l - a scroll of teleportation {unknown}

Dungeon Overview and Level Annotations

Branches:
Dungeon (3/15)

Shops:
D:1 (

Annotations:
D:2 Robin

##.###.# # #).
#.####...†..# .##.###.#
#.......###.#
.........# ...###....#
.. .. #..# ##>..###g#
.# #.#. #.)...# # ..#
#.#. #.....###..# #
#.#.
#####S.....###.#####..#
##♣J...............
###.#........>.... #
###.######.# ...# #####


You could see an endoplasm and a ball python.


Message History

The ball python bites you but does no damage.
The ball python barely misses you. The ball python barely misses you.
The ball python grabs you. The ball python constricts you.
There is a stone staircase leading up here.
You escape the ball python's grasp.
You climb upwards.
Level annotation: Robin
There is a stone staircase leading down here.
A ball python is nearby!
Really attack while wielding your +1 hunting sling {sling}? [Y]es or [N]o only, please.
Really attack while wielding your +1 hunting sling {sling}?
Okay, then.
b - a +0 falchion (weapon)
{long} The ball python barely misses you.
The ball python completely misses you. 😮 HP[+1]
You closely miss the ball python.
The ball python bites you but does no damage.
The ball python barely misses you.
You hit the ball python.
The ball python bites you but does no damage.
The ball python closely misses you.
The ball python bites you but does no damage.
The ball python grabs you. The ball python constricts you.
You hit the ball python.
You kill the ball python!
You start resting.
An endoplasm comes into view. 😮 HP[+1]
An endoplasm is nearby!
An endoplasm is nearby!
An endoplasm is nearby!
You see here a +0 hunting sling {sling}. 😮 HP[+1]
The endoplasm quivers.
You hit the endoplasm but do no damage. The endoplasm freezes you.
You are frozen.
The endoplasm freezes you.
You are frozen.
* * * LOW HITPOINT WARNING * * *
😨 HP[-4]
You take 4 damage, and now have 14/30 hp.
You barely miss the endoplasm. The endoplasm freezes you.
You are frozen.
* * * LOW HITPOINT WARNING * * *
😨 HP[-2]
You take 2 damage, and now have 12/30 hp.
You barely miss the endoplasm. The endoplasm freezes you.
You are frozen.
* * * LOW HITPOINT WARNING * * *
😱 HP[-5]
You take 5 damage, and now have 7/30 hp.
It was a potion of lignification.
You turn into a tree.
Your +0 cloak melds into your body.
Your +0 leather armour melds into your body.
Your roots penetrate the ground.
The endoplasm freezes you.
You are frozen.
* * * LOW HITPOINT WARNING * * *
😱 HP[+2]
You now have 45 max hp (+15).
You regained 2 hp, and now have 9/45 hp.
You hit the endoplasm. The endoplasm freezes you.
You are frozen.
* * * LOW HITPOINT WARNING * * *
The endoplasm barely misses you. 😱 HP[-1]
You take 1 damage, and now have 8/45 hp.
You barely miss the endoplasm.
The ball python bites you but does no damage.
The ball python grabs you. The ball python constricts you.
The endoplasm hits you but does no damage.
You hit the endoplasm.
The ball python bites you but does no damage.
The ball python constricts you. The endoplasm freezes you.
You are frozen.
* * * LOW HITPOINT WARNING * * *
The ball python bites you but does no damage.
The ball python constricts you. 😱 HP[-5]
You take 5 damage, and now have 3/45 hp.
Unknown command.
You hit the endoplasm but do no damage.
The ball python bites you but does no damage.
The ball python constricts you.
The endoplasm hits you but does no damage.
The ball python bites you but does no damage.
The ball python constricts you. The endoplasm freezes you.
You are frozen.
You die...

Skill      XL: |  1  2  3 |
---------------+----------+-----
Stealth        | 1 |  1.1
Fighting       | 2 |  2.5
Dodging        | 2 |  2.4
Slings         | 4 |  4.0

Action                   || total
-------------------------++-------
Melee: Falchion          ||    44
 Fire: Hunting sling     ||    81
  Use: Potion            ||     2
       Scroll            ||     1
 Stab: Sleeping          ||     1
Armor: Leather armour    ||    31
       Skin              ||     7
Dodge: Dodged            ||   103

Levels and vault maps discovered:
D:1:      moated_graveyard_arrival, layout_loops_ring,
          dreamdust_ecumenical_altar_angels_and_demons, serial_shops,
          nicolae_shop_statue_plus, minmay_misc_feat_hallway,
          minmay_misc_feat_doors
D:2:      minmay_alternating_diamond, layout_loops_ring, basic_altar,
          minmay_quantized, uniq_robin, uniq_jessica
D:3:      layout_loops_ring

Notes
Turn   | Place    | Note
-------+----------+-------------------------------------------
     0 | D:1      | spaghetti the Demigod Hunter began the quest for the Orb.
     0 | D:1      | Reached XP level 1. HP: 17/17 MP: 3/3
     0 | D:1      | magus.rc [v1.9.6]
   195 | D:1      | Reached skill level 1 in Stealth
   263 | D:1      | Found Buom's Antique Weapon Shoppe.
   306 | D:1      | Reached skill level 2 in Fighting
   306 | D:1      | Reached skill level 2 in Dodging
   453 | D:1      | Reached XP level 2. HP: 24/24 MP: 4/4
   551 | D:1      | magus.rc [v1.9.6]
   852 | D:1      | You fall into a shaft and drop 1 floor!
   866 | D:2      | Reached XP level 3. HP: 12/30 MP: 5/5
   878 | D:3      | Reached skill level 4 in Slings
  1128 | D:2      | Noticed Robin
  1505 | D:2      | HP: 7/30 [frozen (5)]
  1509 | D:2      | HP: 3/45 [frozen (5)]
  1510 | D:2      | Frozen to death by an endoplasm

Vanquished Creatures
  An adder (D:2)
  An orc (D:3)
  8 ball pythons
  2 giant cockroaches
  6 goblins
  4 hobgoblins
  2 jackals (D:3)
  5 kobolds
  2 quokkas (D:1)
  3 bats
  2 frilled lizards (D:1)
36 creatures vanquished.

Table legend:
 A = Non-vault XP
 B = Vault XP
 C = Vault XP percentage of total XP
 D = Non-vault monster count
 E = Vault monster count
 F = Vault count percentage of total count
                 A         B        C        D         E       F
            +---------+---------+-------+---------+---------+-------
      Total |      54 |      21 |  28.0 |      30 |       6 |  16.7
            +---------+---------+-------+---------+---------+-------
        D:1 |      35 |       0 |   0.0 |      20 |       0 |   0.0
        D:2 |       4 |      19 |  82.6 |       2 |       5 |  71.4
        D:3 |      15 |       2 |  11.8 |       8 |       1 |  11.1
            +---------+---------+-------+---------+---------+-------

Illustrated notes

Table legend:
 A = Kills in this place as a percentage of kills in entire the game.
 B = Kills by you in this place as a percentage of kills by you in the entire game.
 C = Kills by friends in this place as a percentage of kills by friends in the entire game.
 D = Other kills in this place as a percentage of other kills in the entire game.
 E = Experience gained in this place as a percentage of experience gained in the entire game.
 F = Experience gained in this place divided by the number of levels of this place that you have seen.
                   A       B       C       D       E      F
               +-------+-------+-------+-------+-------+----------------------
         Total | 100.0 | 100.0 |   N/A |   N/A | 100.0 |  25.0
       Dungeon | 100.0 | 100.0 |   N/A |   N/A | 100.0 |  25.0
               +-------+-------+-------+-------+-------+----------------------

Table legend: (Time is in decaauts)
 A = Elapsed time spent in this place.
 B = Non-inter-level travel time spent in this place.
 C = Inter-level travel time spent in this place.
 D = Time resting spent in this place.
 E = Time spent auto-exploring this place.
 F = Levels seen in this place.
 G = Mean time per level.
                   A        B        C        D        E       F      G
               +--------+--------+--------+--------+--------+-----+--------+
         Total |   1542 |   1541 |      1 |    268 |    869 |   3 |  514.0 |
       Dungeon |   1542 |   1541 |      1 |    268 |    869 |   3 |  514.0 |
               +--------+--------+--------+--------+--------+-----+--------+

Top non-repeatable levels by time:
     D:1: 864 daAuts
     D:3: 517 daAuts
     D:2: 160 daAuts
